 Dungeon Crawl Stone Soup version 0.30.1-3-gfc49f6343a (webtiles) character file.

Game seed: 2895177631471728722

81 zdrol the Chopper (level 4, -3/40 HPs)
             Began as a Hill Orc Fighter on Aug 6, 2023.
             Slain by a gnoll
             ... wielding a +0 spear
             ... led by a gnoll sergeant
              (8 damage)
             ... on level 3 of the Dungeon.
             The game lasted 00:05:37 (1464 turns).

zdrol the Chopper (Hill Orc Fighter)                Turns: 1464, Time: 00:05:38

Health: -3/40      AC:  7    Str: 20    XL:     4   Next: 42%
Magic:  4/4        EV:  9    Int:  8    God:
Gold:   49         SH:  4    Dex: 10    Spells: 3/3 levels left

rFire   . . .        a - +0 war axe
rCold   . . .        c - +0 buckler
rNeg    . . .        b - +0 scale mail
rPois   .            (no helmet)
rElec   .            (no cloak)
rCorr   .            (no gloves)
SInv    .            (no boots)
Will    .....        (no amulet) Stlth
                     (no ring)
HPRegen 0.26/turn    (no ring)
MPRegen 0.09/turn

%: no passive effects
@: no status effects
A: no striking features
a: no special abilities


You were on level 3 of the Dungeon.
You visited 1 branch of the dungeon, and saw 3 of its levels.

You collected 49 gold pieces.

Inventory:

Hand Weapons
 a - a +0 war axe (weapon)
Missiles
 l - 3 poisoned darts (quivered)
Armour
 b - a +0 scale mail (worn)
 c - a +0 buckler (worn)
Jewellery
 h - a ring of wizardry
Scrolls
 e - 2 scrolls of enchant weapon {unknown}
 f - 3 scrolls of identify {unknown}
 g - a scroll of amnesia {unknown}
 j - a scroll of fear {unknown}
 k - a scroll of teleportation {unknown}
Potions
 d - 2 potions of might
 i - 3 potions of curing {unknown}


   Skills:
 + Level 4.1 Fighting
 + Level 4.2 Axes
 + Level 4.1 Armour
 + Level 0.6 Dodging
 + Level 3.5 Shields


You had 3 spell levels left.
You didn't know any spells.
Your spell library contained the following spells:

 Spells                   Type           Power      Damage    Failure   Level
 Freeze                   Ice            0%         1d3       83%         1
 Frozen Ramparts          Ice            0%         1d1       99%         3
 Hailstorm                Conj/Ice       0%         3d3       99%         3


Dungeon Overview and Level Annotations

Branches:
Dungeon (3/15)

Altars:
Zin


Message History

You kill the gnoll!
You aren't wearing any rings or amulets.
Okay, then.
You are too injured to fight recklessly!
You start resting.
HP restored.
Items here: )) ††.
Items here: )) ††.
There is a stone staircase leading down, spattered with blood here.
You climb downwards.
The gnoll closely misses you. The gnoll hits you but does no damage.
There is a stone staircase leading up here.
The gnoll hits you but does no damage. The gnoll sergeant barely misses you.
The gnoll hits you but does no damage.
The gnoll sergeant hits you from afar with a +0 spear!
There is a stone staircase leading up here.
The gnoll hits you but does no damage. The gnoll hits you with a +0 spear.
The gnoll sergeant hits you from afar with a +0 spear.
You closely miss the gnoll. You block the gnoll's attack.
The gnoll sergeant hits you but does no damage.
You hit the gnoll.
The gnoll is moderately wounded.
The gnoll hits you with a +0 spear!
The gnoll sergeant hits you from afar with a +0 spear.
You hit the gnoll.
The gnoll is moderately wounded.
The gnoll hits you with a +0 spear. You block the gnoll sergeant's attack.
The gnoll sergeant closely misses you. The gnoll hits you but does no damage.
You hit the gnoll but do no damage.
The gnoll is moderately wounded.
The gnoll hits you with a +0 spear.
* * * LOW HITPOINT WARNING * * *
The gnoll sergeant hits you from afar with a +0 spear.
* * * LOW HITPOINT WARNING * * *
The gnoll attacks as you move away! The gnoll hits you with a +0 spear.
* * * LOW HITPOINT WARNING * * *
The gnoll barely misses you. The gnoll sergeant barely misses you.
The gnoll hits you from afar with a +0 spear!
You die...

## .###
#+#...#
#...#.#
##@....####
#g........#
#....g#.###.#
#.#.#.#..#
...#...# .#
#.## ##### .#
. #


You could see a gnoll sergeant and a gnoll.

Vanquished Creatures
  3 gnolls (D:2)
  2 adders (D:2)
  An endoplasm (D:2)
  2 giant cockroaches (D:1)
  5 hobgoblins
  A kobold (D:2)
  2 quokkas
  7 ball pythons
  5 bats
  A frilled lizard (D:1)
  2 goblins (D:1)
  5 rats
36 creatures vanquished.

Notes
Turn   | Place    | Note
-------+----------+-------------------------------------------
     0 | D:1      | zdrol the Hill Orc Fighter began the quest for the Orb.
     0 | D:1      | Reached XP level 1. HP: 19/19 MP: 1/1
    87 | D:1      | Reached XP level 2. HP: 23/27 MP: 2/2
   383 | D:2      | Found a glowing silver altar of Zin.
   416 | D:2      | Reached XP level 3. HP: 18/33 MP: 3/3
  1275 | D:3      | Noticed a gnoll sergeant
  1293 | D:2      | Reached XP level 4. HP: 24/40 MP: 4/4
  1464 | D:3      | Slain by a gnoll

Illustrated notes

Levels and vault maps discovered:
D:1:      minmay_arrival_stair_chambers, layout_rooms, minivault_5,
          nrook_mini_backslash
D:2:      layout_basic, basic_altar
D:3:      layout_basic, serial_shops, nicolae_shop_trees,
          dreamdust_ecumenical_altar_statues, due_unseen_surprise, uniq_terence,
          uniq_robin, uniq_grinder

Skill      XL: |  1  2  3 |
---------------+----------+-----
Axes           | 3 4 |  4.2
Fighting       | 4 |  4.1
Armour         | 4 |  4.1
Dodging        | |  0.6
Shields        | |  3.5

Action                     |  1- 3 |  4- 6 || total
---------------------------+-------+-------++-------
  Melee: War axe           |   100 |    14 ||   114
 Armour: Scale mail        |    65 |    10 ||    75
  Dodge: Dodged            |    61 |    13 ||    74
  Block: Buckler           |    25 |     5 ||    30
